 Dungeon Crawl Stone Soup version 0.24.0-41-g2ae2f7f1be (webtiles) character file.

Game seed: 4582766853280992560, levelgen mode: deterministic

37 Gwanngwann the Grave Robber (level 3, 0/26 HPs)
             Began as a Ghoul Necromancer on Dec 14, 2019.
             Slain by an adder (5 damage)
             ... on level 2 of the Dungeon.
             The game lasted 00:08:24 (1491 turns).

Gwanngwann the Grave Robber (Ghoul Necromancer)     Turns: 1491, Time: 00:08:24

Health: 0/26       AC:  2    Str: 12    XL:     3   Next: 39%
Magic:  5/5        EV: 12    Int: 10    God:
Gold:   139        SH:  0    Dex:  9    Spells: 5/6 levels left

rFire    . . .     SeeInvis .     - Unarmed
rCold    + . .     Gourm    .   (no shield)
rNeg     + + +     Faith    .   d - +0 robe
rPois    ∞         Spirit   .   (no helmet)
rElec    .         Reflect  .   (no cloak)
rCorr    .         Harm     .   (no gloves)
MR       .....                  (no boots)
Stlth    ++........             f - amulet of regeneration
HPRegen  0.00/turn              (no ring)
MPRegen  0.09/turn              (no ring)

@: rotting
A: rotting body, claws 1, carnivore, cold resistance 1, negative energy
resistance 3, inhibited regeneration, torment resistance, unbreathing
a: no special abilities


You were on level 2 of the Dungeon.
You were not hungry.

You visited 1 branch of the dungeon, and saw 2 of its levels.

You collected 139 gold pieces.

Inventory:

Hand Weapons
 b - a +0 mace
Armour
 a - a +0 robe
 d - a +0 robe (worn)
Jewellery
 f - an amulet of regeneration (around neck)
Scrolls
 i - a scroll of identify
Potions
 e - a potion of invisibility
 g - a potion of magic {unknown}
 h - a potion of curing {unknown}
Comestibles
 c - 4 rations
 j - 4 chunks of flesh


   Skills:
 + Level 2.0 Dodging
 + Level 2.4 Stealth
 + Level 1.0 Unarmed Combat
 + Level 2.0 Spellcasting
 + Level 4.5 Necromancy


You had 5 spell levels left.
You knew the following spells:

 Your Spells              Type           Power        Failure   Level  Hunger
a - Pain                  Necr           ##..         4%          1    ##.....

Your spell library contained the following spells:

 Spells                   Type           Power        Failure   Level  Hunger
 Animate Skeleton         Necr           N/A          4%          1    ##.....
 Vampiric Draining        Necr           ##........   14%         3    ####...
 Regeneration             Chrm/Necr      #.........   36%         3    ####...
 Animate Dead             Necr           N/A          43%         4    #####..


Dungeon Overview and Level Annotations

Branches:
Dungeon (2/15)

Altars:


Innate Abilities, Weirdness & Mutations

Your body is rotting away.
You thrive on raw meat.
You are immune to poison.
You have sharp fingernails.
You are carnivorous and can eat meat at any time.
Your flesh is cold resistant. (rC+)
You are immune to negative energy. (rN+++)
You do not regenerate when monsters are visible.
You are immune to unholy pain and torment.
You can survive without breathing.


Message History

The adder bites you. The leopard gecko bites you. The bat closely misses you.
The adder bites you. The leopard gecko barely misses you.
You barely miss the leopard gecko. The bat closely misses you.
The adder barely misses you. The leopard gecko misses you.
You scratch the leopard gecko.
The leopard gecko is moderately wounded.
The bat hits you but does no damage. The adder bites you.
The leopard gecko closely misses you. The adder bites you.
You closely miss the leopard gecko.
The leopard gecko is moderately wounded.
The bat closely misses you. The leopard gecko closely misses you.
The adder bites you.
* * * LOW HITPOINT WARNING * * *
You miss the leopard gecko.
The leopard gecko is moderately wounded.
The bat barely misses you. The leopard gecko bites you.
* * * LOW HITPOINT WARNING * * *
The adder bites you.
You die...

........................
..#############.#####...
#.## #.# ...# #.## #..#
#..# #### ##.# .....
#.#####+#
......#.S......
......l@...##.#
......b....#
###........# #........#
#### ###......# ...#
###'#'## ...#
########....
...######......####.#
...'....'......'.


You could see an adder, a leopard gecko and a bat.

Vanquished Creatures
  A worm (D:2)
  5 bats
  3 giant cockroaches (D:2)
  4 goblins
  4 hobgoblins
  2 jackals (D:1)
  3 frilled lizards
  5 kobolds
  6 rats
33 creatures vanquished.

Notes
Turn   | Place    | Note
-------+----------+-------------------------------------------
     0 | D:1      | Gwanngwann the Ghoul Necromancer began the quest for the
                  | Orb.
     0 | D:1      | Reached XP level 1. HP: 14/14 MP: 2/2
   108 | D:1      | Reached XP level 2. HP: 15/19 MP: 3/3
  1081 | D:2      | Reached XP level 3. HP: 25/25 MP: 0/4
  1370 | D:2      | Reached skill level 1 in Unarmed Combat
  1491 | D:2      | Slain by an adder

Levels and vault maps discovered:
D:1:      grunt_arrival_crossed_arrows, layout_loops_corners,
          minmay_misc_feat_doors, nrook_campfire
D:2:      layout_basic, first_ration

Skill      XL: |  1  2  3 |
---------------+----------+-----
Dodging        | 2 |  2.0
Spellcasting   | 2 |  2.0
Unarmed Combat | 1 |  1.0
Stealth        | |  2.4
Necromancy     | |  4.5

Action                   || total
-------------------------++-------
Melee: Unarmed           ||   101
 Cast: Pain              ||    12
  Use: Scroll            ||     4
       Potion            ||     1
 Stab: Sleeping          ||     6
  Eat: Chunk             ||     9
Armor: Robe              ||    17
Dodge: Dodged            ||    79
